AoeStats
← yangyong

Arena

509277547Analyzed
2v2 RM · 7d ago on Sep 26, 2026· 24m 35s· 4 players
Game mode
Random Map
Map size
Medium (4 player)
Population
200
Speed
Normal
Resources
Standard
Victory
Conquest
Starting age
Dark Age
Ending age
Imperial Age
RankedLock teamsTeams togetherTeam positionsShared explorationLock speedFull tech treeHidden civsTurbo modeCheats
Victory
Defeat
1193
+13
1183
+14
🇨🇳 Lithuanians · China
1290
-19
🇨🇳 Huns · China
969
-28
yangyong
8:03 Loom
10:11 Feudal Age
19:50 Castle Age
18:58 Fletching
20:07 Double-Bit Axe
20:24 Crossbowman
sfsdlufk
15:51 Feudal Age
25:17 Castle Age
TKT狐说训练营—cxy123
10:53 Feudal Age
12:41 Padded Archer Armor
14:53 Castle Age
15:55 Leather Archer Armor
21:11 Horse Collar
24:39 Wheelbarrow
24:24 Double-Bit Axe
TKT狐说训练营-鳄鱼
5:51 Loom
8:55 Feudal Age
9:23 Double-Bit Axe
14:56 Horse Collar
18:11 Wheelbarrow
21:36 Castle Age
19:50 Scale Barding Armor
20:19 Forging
20:07 Gold Mining
21:09 Bloodlines
22:39 Chain Barding Armor
23:40 Bow Saw
23:54 Heavy Plow
Connection lost

Rejoining the realm…

Still unreachable

The connection could not be restored.

Session expired

The server has moved on; the page needs a fresh start.